 Dungeon Crawl Stone Soup version 0.31-a0-1139-gec03705108 (webtiles) character file.

Game seed: 15405459915083221648

1271 James the Grappler (level 8, -11/58 HPs)
             Began as a Merfolk Shapeshifter on Dec 6, 2023.
             Was a Priest of Uskayaw.
             Mangled by a two-headed ogre
             ... wielding a +0 giant club
              (24 damage)
             ... on level 6 of the Dungeon.
             The game lasted 00:15:29 (5041 turns).

James the Grappler (Merfolk Shapeshifter)           Turns: 5041, Time: 00:15:30

Health: -11/58     AC:  5    Str: 16    XL:     8   Next: 53%
Magic:  8/8        EV: 18    Int:  9    God:    Uskayaw [***...]
Gold:   271        SH:  0    Dex: 20    Spells: 7/7 levels left

rFire   . .          .
                       - Unarmed
rCold   . . .        (no shield)
rNeg    . . .        l - +0 ring mail
rPois   .            (helmet currently unavailable)
rElec   .            (cloak currently unavailable)
rCorr   .            (gloves currently unavailable)
SInv    .            (boots currently unavailable)
Will    .....        (no amulet)
Stlth   +            z - +6 ring of dexterity
HPRegen 0.29/turn    a - +5 ring of evasion
MPRegen 0.11/turn

%: no passive effects
@: beast-form
A: beast (slay +4), (nimble swimmer 2), mertail
a: Begin Untransformation, Renounce Religion, Stomp, Line Pass


You were on level 6 of the Dungeon.
You worshipped Uskayaw.
Uskayaw was noncommittal.
You were a hulking beast.
You visited 2 branches of the dungeon, and saw 7 of its levels.

You collected 271 gold pieces.

Inventory:

Hand Weapons
 b - a +0 sling
   (You found it on level 1 of the Dungeon)
 s - a +0 arbalest
   (You found it on level 5 of the Dungeon)
 A - a +0 hand axe of venom
   (You took it off an orc on level 3 of the Dungeon)
 B - a +3 falchion of flaming
   (You took it off an orc on level 3 of the Dungeon)
 K - a +3 trident of flaming
   (You took it off a gnoll sergeant on level 5 of the Dungeon)
Missiles
 g - 11 poisoned darts (quivered)
 j - 51 stones
 w - 3 boomerangs
Armour
 l - a +0 ring mail (worn)
   (You found it on level 1 of the Dungeon)
 p - a +0 scale mail
   (You found it on level 4 of the Dungeon)
 J - a +0 leather armour
   (You took it off a gnoll on level 5 of the Dungeon)
 L - a +0 kite shield
   (You took it off a gnoll sergeant on level 5 of the Dungeon)
Magical Staves
 t - a staff of earth
   (You found it on level 3 of the Dungeon)
Jewellery
 a - a +5 ring of evasion (right hand)
   (You found it on level 2 of the Dungeon)
 h - a ring of positive energy
   (You found it on level 1 of the Dungeon)
 z - a +6 ring of dexterity (left hand)
   (You found it on level 3 of the Dungeon)
Talismans
 c - a beast talisman
 d - a flux talisman
Wands
 y - a wand of charming (11)
   (You took it off Ijyb on level 3 of the Dungeon)
Scrolls
 f - 3 scrolls of teleportation {@r4}
 m - 2 scrolls of acquirement
 C - a scroll of poison {!r}
Potions
 e - a potion of lignification {!q}
 i - a potion of invisibility {unknown}
 k - a potion of berserk rage {unknown}
 n - 3 potions of curing {@q1}
 q - a potion of heal wounds {@q2}
 r - a potion of enlightenment {unknown}
 v - 3 potions of might
 I - a potion of mutation {unknown}


   Skills:
 - Level 3.0 Fighting
 - Level 5.0 Dodging
 - Level 9.0 Unarmed Combat
 + Level 7.3 Shapeshifting


You had 7 spell levels left.
You didn't know any spells.
Your spell library contained the following spells:

 Spells                   Type           Power      Damage    Failure   Level
 Apportation              Tloc           0%         N/A       61%         1
 Necrotise                Necr           0%         1d4       61%         1
 Sting                    Tmut/Pois      0%         1d3       61%         1
 Blink                    Tloc           0%         N/A       75%         2
 Lesser Beckoning         Tloc           0%         N/A       75%         2
 Momentum Strike          Conj/Tloc      0%         3d8       75%         2
 Wereblood                Tmut           0%         N/A       75%         2
 Gell's Gravitas          Tloc           0%         N/A       93%         3
 Teleport Other           Tloc           0%         N/A       93%         3
 Vampiric Draining        Necr           0%         2d6       93%         3
 Manifold Assault         Tloc           0%         N/A       100%        4
 Passage of Golubria      Tloc           0%         N/A       100%        4
 Petrify                  Tmut/Erth      0%         N/A       100%        4
 Agony                    Necr           0%         N/A       100%        5
 Irradiate                Conj/Tmut      0%         3d11      100%        5
 Dispersal                Tloc           0%         N/A       100%        6


Dungeon Overview and Level Annotations

Branches:
Dungeon (6/15)             Temple (1/1) D:5

Altars:
Ashenzari
Cheibriados
Dithmenos
Elyvilon
Fedhas
Gozag
Hepliaklqana
Kikubaaqudgha
Makhleb
Nemelex Xobeh
Okawaru
Qazlal
Ru
Sif Muna
Trog
Uskayaw
Vehumet
Wu Jian
Xom
Yredelemnul
Zin
The Shining One

Shops:
D:2 ?(


Innate Abilities, Weirdness & Mutations

You are a hulking beast.
Your limbs bulge with bestial killing power. (Slay +4)
((You are very nimble when in or above water. (Stealth+, EV+, Speed+++)))
Your lower body shifts to a powerful aquatic tail in water.


Message History

There is an escape hatch in the ceiling here.
There is a stone staircase leading down here.
You climb downwards.
You hear the hiss of flowing sand.
There is an entrance to an ossuary on this level.
Hurry and find it before the portal is buried!
Found a coppery potion.
There is a stone staircase leading up here.
i - a coppery potion You hear the slow hiss of a distant avalanche of sand.
Found an escape hatch in the ceiling.
There is an escape hatch in the ceiling here.
A black bear comes into view.
You barely miss the black bear. The black bear closely misses you.
The black bear claws you. The black bear closely misses you.
You hit the black bear. The black bear closely misses you.
The black bear claws you. The black bear misses you.
You punch the black bear!
The black bear goes berserk!
You can now pass through a line of other dancers.
You barely miss the black bear. The black bear bites you!
The black bear completely misses you. The black bear barely misses you.
You punch the black bear!
You kill the black bear!
Your Shapeshifting skill increases to level 7!
Found 3 large rocks.
A two-headed ogre comes into view. It is wielding two +0 giant clubs.
The two-headed ogre shouts in stereo!
You barely miss the two-headed ogre. The two-headed ogre misses you.
The two-headed ogre barely misses you.
You can no longer pass through a line of other dancers.
You hit the two-headed ogre.
You can now pass through a line of other dancers.
You hit the two-headed ogre. The two-headed ogre barely misses you.
The two-headed ogre closely misses you.
You barely miss the two-headed ogre. You hit the two-headed ogre.
The two-headed ogre closely misses you.
The two-headed ogre hits you with a +0 giant club!
You hit the two-headed ogre. You punch the two-headed ogre!
The two-headed ogre hits you with a +0 giant club!
* * * LOW HITPOINT WARNING * * *
The two-headed ogre hits you with a +0 giant club.
* * * LOW HITPOINT WARNING * * *
Uskayaw will force your foes to helplessly watch your dance.
Uskayaw prepares the audience for your solo!
The helpless two-headed ogre fails to defend itself.
You hit the two-headed ogre.
The two-headed ogre is no longer paralysed.
You barely miss the two-headed ogre.
The two-headed ogre hits you with a +0 giant club!!
You die...

#.#.##### ### ###
#.# ... ... #.#
#.# #.# #.# #.#
#.###<###### #.#
#....#...... #.#
#.###.######
#.####O#####.....#
#(....h......#####
#.####.#######
...# #####


You could see a two-headed ogre.

Vanquished Creatures
  Pikel (D:3)
  A black bear (D:6)
  An ogre (D:5)
  A gnoll sergeant (D:5)
  A scorpion (D:4)
  A howler monkey (D:5)
  3 hounds
  A sleepcap (D:5)
  Ijyb (D:3)
  2 iguanas
  An orc wizard (D:4)
  7 gnolls (D:5)
  6 adders
  A white imp (D:5)
  A worm (D:2)
  2 dart slugs
  6 orcs
  7 endoplasms
  3 giant cockroaches (D:2)
  12 goblins
  8 hobgoblins
  12 jackals
  8 quokkas
  6 ball pythons
  4 bats
  A frilled lizard (D:1)
  8 kobolds
  7 rats
113 creatures vanquished.

Notes
Turn   | Place    | Note
-------+----------+-------------------------------------------
     0 | D:1      | James the Merfolk Shapeshifter began the quest for the Orb.
     0 | D:1      | Reached XP level 1. HP: 15/15 MP: 1/1
   127 | D:1      | Reached XP level 2. HP: 14/21 MP: 2/2
   485 | D:1      | Reached skill level 4 in Unarmed Combat
   485 | D:1      | Reached XP level 3. HP: 12/27 MP: 3/3
  1084 | D:2      | Reached XP level 4. HP: 29/33 MP: 4/4
  1274 | D:2      | Found Wujet's Magic Scroll Shoppe.
  1651 | D:2      | Found Jigel's Weapon Emporium.
  1866 | D:3      | Found a faded altar of an unknown god.
  1900 | D:3      | Got Ninleol's Octavo of Translocational Changing
  1943 | D:3      | Noticed Ijyb
  1967 | D:3      | Killed Ijyb
  1968 | D:3      | Reached XP level 5. HP: 39/39 MP: 5/5
  2504 | D:3      | Reached skill level 5 in Unarmed Combat
  2801 | D:4      | Identified a scroll of acquirement
  2933 | D:4      | Found a burning altar of Makhleb.
  2980 | D:4      | Noticed a lemure
  2980 | D:4      | Noticed Pikel
  3043 | D:3      | Killed Pikel
  3044 | D:3      | Reached skill level 5 in Dodging
  3044 | D:3      | Reached skill level 8 in Unarmed Combat
  3044 | D:3      | Reached XP level 6. HP: 39/47 MP: 6/6
  3044 | D:3      | Reached XP level 7. HP: 43/52 MP: 7/7
  3273 | D:4      | Got the Information on Angles
  3903 | D:5      | Entered Level 5 of the Dungeon
  4023 | D:5      | Reached skill level 9 in Unarmed Combat
  4042 | D:5      | Reached XP level 8. HP: 58/58 MP: 8/8
  4181 | D:5      | Reached skill level 5 in Shapeshifting
  4257 | D:5      | Found a staircase to the Ecumenical Temple.
  4265 | Temple   | Entered the Ecumenical Temple
  4278 | Temple   | Became a worshipper of Uskayaw the Reveller
  4337 | D:5      | Reached * piety under Uskayaw
  4535 | D:5      | Reached ** piety under Uskayaw
  4564 | D:5      | Reached *** piety under Uskayaw
  4950 | D:6      | Found a glowing silver altar of Zin.
  4950 | D:6      | Found a shadowy altar of Dithmenos.
  5031 | D:6      | Noticed a two-headed ogre
  5041 | D:6      | Mangled by a two-headed ogre

Illustrated notes

Levels and vault maps discovered:
D:1:      tarquinn_simple_flora_water_b, layout_basic, minivault_23
D:2:      layout_basic, serial_shops, shop, nicolae_shop_pleasant_corner_grove,
          minivault_4, minmay_small_reverse_x
D:3:      layout_basic, basic_ecumenical_altar, uniq_ijyb
D:4:      layout_loops_cross, bloody_makhleb, serial_bayou_ford_a,
          wad_floor_pattern_untrapped, uniq_pikel
D:5:      layout_loops_ring, minmay_temple_entry_glassed_door
D:6:      layout_loops_ring, chequers_temple_overflow_statue_of_worship,
          mainiacjoe_ossuary_entry_find_the_door
Temple:   nicolae_temple_bog_church

Skill      XL: |  1  2  3  4  5  6  7  8 |
---------------+-------------------------+-----
Dodging        | 3 4 5 |  5.0
Unarmed Combat | 4 8 9 |  9.0
Fighting       | 2 3 |  3.0
Shapeshifting  | 7 |  7.3

Action                     |  1- 3 |  4- 6 |  7- 9 || total
---------------------------+-------+-------+-------++-------
  Melee: Unarmed           |    97 |    97 |   129 ||   323
         Punch             |     2 |     4 |     7 ||    13
  Throw: Dart              |       |     2 |     1 ||     3
    Use: Potion            |       |     3 |       ||     3
         Scroll            |       |     9 |     1 ||    10
   Stab: Sleeping          |     4 |     1 |       ||     5
         Paralysed         |       |       |     1 ||     1
 Armour: Animal skin       |    29 |       |       ||    29
         Ring mail         |     8 |    35 |    37 ||    80
         Skin              |       |    21 |       ||    21
  Dodge: Dodged            |    47 |    57 |    83 ||   187

Table legend: (Time is in decaauts)
 A = Elapsed time spent in this place.
 B = Non-inter-level travel time spent in this place.
 C = Inter-level travel time spent in this place.
 D = Time resting spent in this place.
 E = Time spent auto-exploring this place.
 F = Levels seen in this place.
 G = Mean time per level.
                   A        B        C        D        E       F      G
               +--------+--------+--------+--------+--------+-----+--------+
         Total |   4988 |   4770 |    218 |    550 |   3077 |   7 |  712.6 |
       Dungeon |   4963 |   4767 |    196 |    550 |   3077 |   6 |  827.2 |
        Temple |     24 |      2 |     22 |      0 |      0 |   1 |   24.0 |
               +--------+--------+--------+--------+--------+-----+--------+

Top non-repeatable levels by time:
     D:3: 1133 daAuts
     D:5: 1030 daAuts
     D:4: 992 daAuts
     D:1: 970 daAuts
     D:2: 787 daAuts
     D:6: 49 daAuts
  Temple: 24 daAuts
